 Dungeon Crawl Stone Soup version 0.23-a0-582-g1b4a0ca (webtiles) character file.

858 gruber the Slicer (level 8, -2/39 HPs)
             Began as a Vine Stalker Fighter on Dec 16, 2018.
             Slain by an orc warrior
             ... wielding a +1 long sword of pain
              (12 damage)
             ... on level 4 of the Dungeon.
             The game lasted 00:04:45 (3548 turns).

gruber the Slicer (Vine Stalker Fighter)            Turns: 3548, Time: 00:04:47

Health: -2/39      AC:  8    Str: 20    XL:     8   Next: 2%
Magic:  0/9        EV:  7    Int:  8    God:
Gold:   152        SH:  9    Dex: 15    Spells: 7/7 levels left

rFire    . . .     SeeInvis .   a - +0 rapier
rCold    . . .     Gourm    .   c - +0 shield
rNeg     . . .     Faith    .   b - +0 scale mail
rPois    .         Spirit   +   p - +1 helmet
rElec    .         Reflect  .   (no cloak)
rCorr    .         Harm     .   (no gloves)
MR       +....                  (no boots)
Stlth    ..........             (no amulet)
HPRegen  0.53/turn              (no ring)
MPRegen  0.11/turn              (no ring)

@: drained
A: fangs 3, regeneration 1, magic shield, antimagic bite, no potion heal 3, rot
immunity
a: no special abilities


You were on level 4 of the Dungeon.
You were not hungry.

You visited 1 branch of the dungeon, and saw 5 of its levels.

You collected 152 gold pieces.

Inventory:

Hand Weapons
 a - a +0 rapier (weapon)
Armour
 b - a +0 scale mail (worn)
 c - a +0 shield (worn)
 p - a +1 helmet (worn)
Jewellery
 u - an uncursed amulet of harm
Wands
 r - a wand of random effects (16)
Scrolls
 g - 4 scrolls of identify {unknown}
 h - 6 scrolls of remove curse {unknown}
 i - a scroll of fear {unknown}
 j - 4 scrolls of teleportation {unknown}
 k - a scroll of enchant weapon {unknown}
 m - 2 scrolls of enchant armour {unknown}
 n - a scroll of fog {unknown}
 q - 3 scrolls of blinking {unknown}
 s - a scroll of amnesia {unknown}
Potions
 e - 3 potions of curing
 l - a potion of cancellation {unknown}
 o - a potion of mutation {unknown}
 t - 2 potions of flight {unknown}
 v - 2 potions of heal wounds {unknown}
Comestibles
 f - 6 rations


   Skills:
 - Level 2.6(2.0) Fighting
 + Level 8.2(7.4) Short Blades
 - Level 2.4(1.7) Armour
 - Level 2.6(2.0) Shields


You had 7 spell levels left.
You didn't know any spells.
Your spell library contained the following spells:

 Spells                   Type           Power        Failure   Level  Hunger
 Animate Skeleton         Necr           N/A          100%        1    ##.....
 Pain                     Necr           #...         100%        1    ##.....
 Regeneration             Chrm/Necr      #.........   100%        3    ####...
 Vampiric Draining        Necr           #.........   100%        3    ####...
 Animate Dead             Necr           N/A          100%        4    #####..


Dungeon Overview and Level Annotations

Branches:
Dungeon (5/15)
 Temple: D:4-7

Altars:
Ashenzari
The Shining One


Innate Abilities, Weirdness & Mutations

You have razor-sharp teeth.
Your natural rate of healing is unusually fast.
When hurt, damage is shared between your health and your magic reserves.
Your bite disrupts and absorbs the magic of your enemies.
Potions cannot restore your health.
You are immune to rotting.


Message History

The orc warrior is lightly wounded.
You hit the orc warrior but do no damage.
The orc warrior is lightly wounded.
The orc warrior hits you with a +1 long sword of pain!
You are too injured to fight recklessly!
You are too injured to fight recklessly!
You are too injured to fight recklessly!
You puncture the orc warrior!
You bite the orc warrior, but do no damage.
The orc warrior is heavily wounded.
The orc warrior hits you with a +1 long sword of pain.
You writhe in agony.
You hit the orc warrior but do no damage.
You bite the orc warrior. You drain its power.
You feel invigorated.
The orc warrior is heavily wounded.
The orc warrior hits you with a +1 long sword of pain!
* * * LOW HITPOINT WARNING * * *
It was a potion of curing.
That felt strangely inert.
The orc warrior hits you with a +1 long sword of pain!
You die...

........# #.# .########
#.### ..##### #...#########
......### #...........#
##......## #.#.#######.#
##.#..#..# #.#......##.#
..(......# #.######.##.#
##....##.######o## ###.##.#
##....##........@# #......#
............#.#### #.#.####
....#.......#.######.#.#
.........#........##.#.#
#.................##.#.#
#.....##.##.......##.#.#
#####.##(##.......##.#.#
#....(........##.#.#
####.#........##.#.########


You could see an orc warrior.

Vanquished Creatures
  Sigmund (D:4)
  A sky beast (D:2)
  A phantom (D:4)
  A bullfrog (D:3)
  4 orc wizards
  A hound (D:4)
  A centaur skeleton (D:4)
  A gnoll shaman (D:4)
  An iguana (D:4)
  Robin (D:2)
  6 gnolls
  5 adders
  An ooze (D:3)
  2 worms (D:3)
  3 dart slugs
  3 leopard geckos
  11 orcs
  5 giant cockroaches
  15 goblins
  10 hobgoblins
  3 quokkas
  A ball python (D:2)
  7 bats
  4 frilled lizards
  A jackal skeleton (D:4)
  3 kobolds (D:3)
  8 rats
101 creatures vanquished.

Notes
Turn   | Place    | Note
-------+----------+-------------------------------------------
     0 | D:1      | gruber the Vine Stalker Fighter began the quest for the
                  | Orb.
     0 | D:1      | Reached XP level 1. HP: 11/11 MP: 2/2
    68 | D:1      | Reached skill level 2 in Short Blades
   185 | D:1      | Reached XP level 2. HP: 15/16 MP: 3/3
   902 | D:2      | Reached skill level 3 in Short Blades
   912 | D:2      | Reached XP level 3. HP: 19/19 MP: 4/4
  1415 | D:2      | Noticed Robin
  1437 | D:2      | Gained mutation: Your natural rate of healing is unusually
                  | fast. [Vine Stalker growth]
  1437 | D:2      | Reached XP level 4. HP: 20/23 MP: 5/5
  1441 | D:2      | Killed Robin
  1441 | D:2      | Reached skill level 4 in Short Blades
  1594 | D:3      | Noticed a sky beast
  1647 | D:2      | Killed a sky beast
  1647 | D:2      | Reached skill level 5 in Short Blades
  1647 | D:2      | Reached XP level 5. HP: 15/27 MP: 4/6
  1797 | D:3      | Reached XP level 6. HP: 32/32 MP: 7/7
  2004 | D:3      | Reached skill level 6 in Short Blades
  2476 | D:4      | Found a glowing golden altar of the Shining One.
  2550 | D:4      | Noticed Sigmund
  2569 | D:4      | Killed Sigmund
  2569 | D:4      | Reached skill level 7 in Short Blades
  2569 | D:4      | Reached XP level 7. HP: 11/35 MP: 3/8
  3270 | D:4      | Reached skill level 8 in Short Blades
  3330 | D:4      | Gained mutation: You have razor-sharp teeth. [Vine Stalker
                  | growth]
  3330 | D:4      | Reached XP level 8. HP: 36/39 MP: 9/9
  3348 | D:4      | Found a shattered altar of Ashenzari.
  3486 | D:5      | Entered Level 5 of the Dungeon
  3548 | D:4      | Slain by an orc warrior

Vault maps used:
D:1:      eino_arrival_druids_welcome
D:2:      minmay_angry_zag, uniq_robin
D:3:      first_ration, kennysheep_crisscross
D:4:      nicolae_ashenzari_panopticon, hangedman_abyss_or_decor_lesser_grid,
          tso_metal_star, uniq_sigmund
D:5:      yredelemnul_altar_generic

Skill      XL: |  1  2  3  4  5  6  7 |
---------------+----------------------+-----
Short Blades   | 2 3 5 7 8 |  8.2
Fighting       | |  2.6
Armour         | |  2.4
Shields        | |  2.6

Action                   |  1- 3 |  4- 6 |  7- 9 || total
-------------------------+-------+-------+-------++-------
Melee: Rapier            |   101 |   196 |   101 ||   398
       Bite              |    35 |    48 |    35 ||   118
  Use: Potion            |       |     1 |     1 ||     2
  Eat: Chunk             |     1 |     4 |     4 ||     9
Armor: Scale mail        |    44 |    78 |    24 ||   146
Dodge: Dodged            |    29 |    45 |    20 ||    94
Block: Shield            |    54 |    66 |    21 ||   141

Table legend:
 A = Non-vault XP
 B = Vault XP
 C = Vault XP percentage of total XP
 D = Non-vault monster count
 E = Vault monster count
 F = Vault count percentage of total count
                 A         B        C        D         E       F
            +---------+---------+-------+---------+---------+-------
      Total |     949 |     278 |  22.7 |      82 |      19 |  18.8
            +---------+---------+-------+---------+---------+-------
        D:1 |      26 |       0 |   0.0 |      12 |       0 |   0.0
        D:2 |     175 |      47 |  21.2 |      15 |      18 |  54.5
        D:3 |     282 |       0 |   0.0 |      35 |       0 |   0.0
        D:4 |     466 |     231 |  33.1 |      20 |       1 |   4.8
            +---------+---------+-------+---------+---------+-------
